 Dungeon Crawl Stone Soup version 0.30-a0-591-g3c58d2bc28 (webtiles) character file.

Game seed: 6346287920755620480

11800 Oxelix the Unseen (level 11, -3/49 HPs)
             Began as a Spriggan Brigand on Jan 5, 2023.
             Was a Believer of Dithmenos.
             Killed from afar by a manticore (23 damage)
             ... with a volley of spikes
             ... on level 11 of the Dungeon.
             The game lasted 00:49:50 (14079 turns).

Oxelix the Unseen (Spriggan Brigand)               Turns: 14079, Time: 00:49:51

Health: -3/49      AC:  7    Str: 13    XL:     11   Next: 54%
Magic:  10/18      EV: 24    Int: 13    God:    Dithmenos [**....]
Gold:   1222       SH:  0    Dex: 21    Spells: 15/19 levels left

rFire   . . .      SeeInvis +    z - +2 dagger (speed)
rCold   . . .      Faith    .    (no shield)
rNeg    . . .      Spirit   .    Z - +0 acid dragon scales
rPois   .          Reflect  .    (helmet restricted)
rElec   .          Harm     .    c - +0 cloak
rCorr   +          Rampage  .    (gloves unavailable)
Will    +....                    (boots unavailable)
Stlth   ++++++++                 j - amulet of regeneration
HPRegen 1.08/turn                D - +6 ring of strength
MPRegen 0.16/turn                L - ring of wizardry

@: spiked, wreathed by umbra, very quick
A: very small, no large weapons, unfitting armour, see invisible, speed 3
a: Renounce Religion, Shadow Step


You were on level 11 of the Dungeon.
You worshipped Dithmenos.
Dithmenos was pleased with you.
You visited 2 branches of the dungeon, and saw 12 of its levels.
You also visited: Bailey.

You collected 1222 gold pieces.

Inventory:

Hand Weapons
 p - a +0 sling
 z - a +2 dagger of speed (weapon)
 G - a +2 short sword of protection
 U - a +0 shortbow
Missiles
 d - 12 poisoned darts
 r - 3 atropa-tipped darts
 E - 6 curare-tipped darts
 N - 10 boomerangs (quivered)
Armour
 c - a +0 cloak (worn)
 B - a +2 robe of cold resistance
 Z - +0 acid dragon scales (worn)
Jewellery
 j - an amulet of regeneration (around neck)
 D - a +6 ring of strength (left hand)
 L - a ring of wizardry (right hand)
 X - a ring of protection from fire
Wands
 F - a wand of flame (51)
 H - a wand of roots (20)
 M - a wand of polymorph (1)
 Q - a wand of digging (3)
 W - a wand of charming (4)
Scrolls
 f - 3 scrolls of amnesia
 i - 4 scrolls of teleportation
 l - 3 scrolls of fog {unknown}
 m - 4 scrolls of poison {unknown}
 n - 4 scrolls of noise
 q - 2 scrolls of magic mapping {unknown}
 t - 3 scrolls of immolation {unknown}
 v - a scroll of blinking
 x - a scroll of vulnerability {unknown}
 J - 2 scrolls of enchant weapon {unknown}
 K - 2 scrolls of brand weapon {unknown}
 R - a scroll of butterflies {unknown}
 V - a scroll of enchant armour {unknown}
Potions
 a - 2 potions of haste
 b - a potion of experience {unknown}
 e - 7 potions of flight
 g - a potion of invisibility {unknown}
 h - 8 potions of curing
 k - 3 potions of degeneration
 o - 5 potions of heal wounds
 s - 2 potions of lignification
 u - 3 potions of brilliance {unknown}
 w - 3 potions of mutation {unknown}
 C - 2 potions of magic {unknown}
 I - a potion of might {unknown}
 S - 3 potions of resistance
 Y - a potion of attraction
Miscellaneous
 T - a piece from Xom's chessboard (15/15)


   Skills:
 - Level 1.5 Fighting
 - Level 11.6 Short Blades
 + Level 4.1 Throwing
 - Level 9.9 Dodging
 * Level 16.6 Stealth
 - Level 4.5 Spellcasting
 - Level 6.3 Poison Magic


You had 15 spell levels left.
You knew the following spells:

 Your Spells              Type           Power      Damage    Failure   Level
a - Poisonous Vapours     Pois/Air       22%        N/A       4%          2
b - Cigotuvi's Dreadful   Necr/Pois/Air  16%        N/A       8%          2

Your spell library contained the following spells:

 Spells                   Type           Power      Damage    Failure   Level
 Mephitic Cloud           Conj/Pois/Air  8%         N/A       14%         3
 Call Canine Familiar     Summ           2%         N/A       32%         3
 Portal Projectile        Hex/Tloc       4%         N/A       32%         3
 Leda's Liquefaction      Hex/Erth       1%         N/A       71%         4


Dungeon Overview and Level Annotations

Branches:
Dungeon (11/15)            Temple (1/1) D:7            Lair (0/5) D:11
    Orc (0/2) D:11         Bailey (visited)

Altars:
Ashenzari
Cheibriados
Dithmenos
Elyvilon
Fedhas
Gozag
Hepliaklqana
Kikubaaqudgha
Makhleb
Nemelex Xobeh
Okawaru
Qazlal
Ru
Sif Muna
Trog
Uskayaw
Vehumet
Wu Jian
Xom
Yredelemnul
Zin
The Shining One

Shops:
D:1 *   D:2 =   D:7 [   D:9 =


Innate Abilities, Weirdness & Mutations

You are very small and have problems with some larger weapons.
You are too small for most types of armour.
You have supernaturally acute eyesight. (SInv)
You cover ground extremely quickly. (Speed+++)


Message History

Aiming: Poisonous Vapours (safe; 4% risk of failure)
Press: ? - help, Dir - move target, f/p - manticore
Aim: a manticore (poisoned) Poisonous vapours surround the manticore!
The manticore looks even sicker.
The manticore flicks its tail.
The volley of spikes hits you!
The barbed spikes become lodged in your body.
Casting: Poisonous Vapours (safe; 4% risk of failure)
Confirm with . or Enter, or press ? or * to list all spells.
Aiming: Poisonous Vapours (safe; 4% risk of failure)
Press: ? - help, Dir - move target, f/p - manticore
Aim: a manticore (lightly wounded, very poisoned) Poisonous vapours surround the manticore!
The manticore looks even sicker.
The manticore flicks its tail.
The volley of spikes hits you.
The barbed spikes become lodged in your body.
Casting: Poisonous Vapours (safe; 4% risk of failure)
Confirm with . or Enter, or press ? or * to list all spells.
Aiming: Poisonous Vapours (safe; 4% risk of failure)
Press: ? - help, Dir - move target, f/p - manticore
Aim: a manticore (lightly wounded, very poisoned) Poisonous vapours surround the manticore!
The manticore looks as sick as possible!
The manticore flicks its tail.
The volley of spikes hits you!!
The barbed spikes become lodged in your body.
Casting: Poisonous Vapours (safe; 4% risk of failure)
Confirm with . or Enter, or press ? or * to list all spells.
Okay, then.
Throw: 11 boomerangs
Press: ? - help, Q - select action, (/) - cycle Shift-Dir - straight line, f/p - manticore
Aim: a manticore (lightly wounded, extremely poisoned, 74% to hit)
You throw a boomerang. The boomerang hits the manticore.
The manticore is moderately wounded.
The manticore flicks its tail.
The volley of spikes hits you!!
The barbed spikes become lodged in your body.
You die...

....#..##.# #....# #.#
.......##.# #....# #.#
...##..[)[# #....# #.#
..###.###.##
#....####.####### ..# #.#
#..#####.H..†[..H..)...#
.## #.#
#.....##....####.#####.#
## ..# #.#...##..).# #..#
#.# #########.#....##'###
#.## #o#
..........#..#..@.# ###.#
#.#
..................###...#
#)#
###.....#########.#...###
#H#
...................>###
#.# ########.############
#)# .# #.# ## #(# #.# #.#


You could see a manticore (extremely poisoned).

Vanquished Creatures
  Fannar (D:10)
  An ogre mage (D:11)
  4 two-headed ogres
  An orc knight (Bailey)
  A manticore (D:11)
  A cyclops (D:11)
  A gargoyle (D:10)
  A komodo dragon (D:10)
  A troll (D:10)
  A hornet (D:6)
  Sigmund (D:6)
  2 wraiths
  2 wyverns
  3 yaks (D:11)
  A vampire mosquito (D:11)
  2 wargs
  2 acid dragons
  2 water moccasins
  An ice beast (D:7)
  14 orc warriors
  A black bear (D:6)
  An ogre (D:11)
  2 centaurs (D:9)
  A kobold brigand (D:10)
  3 phantoms
  A gnoll sergeant (D:7)
  3 bullfrogs
  A scorpion (D:6)
  2 necrophages
  3 wights (D:7)
  12 killer bees
  2 howler monkeys
  A lava snake (D:8)
  4 hounds
  3 jellies
  4 orc priests
  Crazy Yiuf (D:5)
  4 iguanas
  6 orc wizards
  11 gnolls
  6 adders
  A shadow imp (D:5)
  2 white imps
  3 worms
  4 dart slugs
  46 orcs
  5 bats
  8 endoplasms
  6 giant cockroaches
  9 hobgoblins
  2 jackals (D:4)
  24 kobolds
  5 quokkas
  7 ball pythons
  5 frilled lizards
  13 goblins
  A rat (D:1)
256 creatures vanquished.

Vanquished Creatures (others)
  2 plants (D:11)
2 creatures vanquished.

Grand Total: 258 creatures vanquished

Notes
Turn   | Place    | Note
-------+----------+-------------------------------------------
     0 | D:1      | Oxelix the Spriggan Brigand began the quest for the Orb.
     0 | D:1      | Reached XP level 1. HP: 10/10 MP: 2/2
     8 | D:1      | Reached skill level 6 in Stealth
    33 | D:1      | Reached XP level 2. HP: 6/14 MP: 3/3
   201 | D:1      | Found Puobrur's Assorted Antiques.
   255 | D:1      | Reached skill level 7 in Stealth
   483 | D:1      | Found a faded altar of an unknown god.
   545 | D:2      | Found an ancient bone altar of Kikubaaqudgha.
   582 | D:2      | Reached XP level 3. HP: 18/18 MP: 4/4
   904 | D:2      | Found Aliun's Jewellery Shoppe.
   937 | D:2      | Reached skill level 8 in Stealth
  1137 | D:2      | Reached XP level 4. HP: 22/22 MP: 5/5
  1363 | D:3      | Reached skill level 9 in Stealth
  2289 | D:4      | You fall into a shaft and drop 3 floors!
  2298 | D:7      | Noticed a necrophage
  2324 | D:7      | Reached XP level 5. HP: 18/25 MP: 6/6
  2331 | D:7      | Reached skill level 10 in Stealth
  2391 | D:6      | Noticed Sigmund
  2427 | D:6      | Killed Sigmund
  2428 | D:6      | Reached XP level 6. HP: 30/30 MP: 7/7
  2595 | D:5      | Entered Level 5 of the Dungeon
  2720 | D:5      | Reached skill level 5 in Short Blades
  2720 | D:5      | Reached XP level 7. HP: 27/33 MP: 8/8
  3593 | D:5      | Reached skill level 5 in Dodging
  4144 | D:5      | Learned a level 2 spell: Poisonous Vapours
  4470 | D:5      | Found a sacrificial altar of Ru.
  4636 | D:5      | Found a runed translucent door.
  4637 | D:5      | Noticed Crazy Yiuf
  4686 | D:5      | Killed Crazy Yiuf
  4822 | D:6      | Reached XP level 8. HP: 37/37 MP: 9/9
  5274 | D:6      | Noticed a hornet
  5456 | D:6      | Killed a hornet
  5893 | D:7      | Learned a level 2 spell: Cigotuvi's Dreadful Rot
  6418 | D:7      | Reached XP level 9. HP: 41/41 MP: 2/10
  6718 | D:7      | Reached skill level 10 in Short Blades
  6784 | D:7      | Found a staircase to the Ecumenical Temple.
  6814 | Temple   | Entered the Ecumenical Temple
  7030 | Temple   | Became a worshipper of Dithmenos the Shadowed
  7235 | D:7      | Found Ulog's Armour Shoppe.
  7703 | D:8      | Noticed a two-headed ogre
  7754 | D:8      | Killed a two-headed ogre
  7853 | D:8      | Identified the +10 hand axe "Ogrebane" {chaos, *Rage rElec
                  | rF+ Str+4}
  7944 | D:8      | Found a stormy altar of Qazlal.
  8013 | D:8      | Found a glowing golden altar of the Shining One.
  8357 | D:8      | Reached skill level 1 in Spellcasting
  8507 | D:9      | Found a flagged portal.
  8526 | Bailey   | Entered a bailey
  8634 | Bailey   | Noticed an orc knight
  8647 | Bailey   | Reached * piety under Dithmenos
  8821 | Bailey   | Reached skill level 11 in Stealth
  8968 | Bailey   | Killed an orc knight
  8969 | Bailey   | Reached skill level 12 in Stealth
  8969 | Bailey   | Reached XP level 10. HP: 41/46 MP: 3/16
  9844 | D:9      | Found Gegruc's Jewellery Shop.
  9962 | D:9      | Reached skill level 13 in Stealth
 10539 | D:10     | Entered Level 10 of the Dungeon
 10539 | D:10     | Noticed a gargoyle
 10545 | D:10     | Killed a gargoyle
 10876 | D:10     | Noticed a two-headed ogre
 10899 | D:10     | Reached skill level 14 in Stealth
 10989 | D:9      | Reached ** piety under Dithmenos
 11030 | D:10     | Killed a two-headed ogre
 11169 | D:10     | Found an ornate altar of the Wu Jian Council.
 11418 | D:10     | Reached skill level 1 in Poison Magic
 11827 | D:10     | Noticed Fannar
 11834 | D:10     | Killed Fannar
 11900 | D:11     | Found a staircase to the Orcish Mines.
 11900 | D:11     | Noticed a cyclops
 12035 | D:10     | Reached XP level 11. HP: 6/49 MP: 7/18
 12216 | D:11     | Reached skill level 5 in Poison Magic
 12548 | D:11     | Found a staircase to the Lair.
 13169 | D:10     | Reached skill level 15 in Stealth
 13360 | D:11     | Noticed a two-headed ogre
 13412 | D:11     | Killed a two-headed ogre
 13483 | D:11     | HP: 2/49 [manticore/volley of spikes (13)]
 13576 | D:11     | Noticed a two-headed ogre
 13618 | D:11     | Killed a two-headed ogre
 13619 | D:11     | Reached skill level 16 in Stealth
 13739 | D:11     | Noticed a two-headed ogre
 13742 | D:11     | Noticed an ogre mage
 13780 | D:11     | Killed an ogre mage
 14079 | D:11     | Killed from afar by a manticore

Illustrated notes

Levels and vault maps discovered:
D:1:      minmay_arrival_four_circles, layout_rooms, serial_shops, shop,
          ebering_ecumenical_altar_mist
D:2:      layout_loops_ring, serial_shops, nicolae_square_shop,
          minmay_hexomino_r4
D:3:      layout_basic, minmay_fractal_squares_diagonal_5
D:4:      layout_basic
D:5:      layout_basic, kennysheep_little_box, uniq_crazy_yiuf_cottage
D:6:      layout_basic, bh_walls_and_bars, uniq_sigmund
D:7:      layout_cave_pools, minmay_temple_entry_butterflies, serial_shops,
          kennysheep_mini_moat
D:8:      layout_basic, mainiacjoe_overflow_catch_the_wave,
          hangedman_decor_points
D:9:      layout_loops_ring, serial_shops, nicolae_stop_n_shop_2, enter_bailey_3
D:10:     layout_rooms, mainiacjoe_overflow_alcove_4, minivault_16, uniq_fannar
D:11:     layout_basic, erik_lair_orcish_takeover, david_orc_3
Temple:   nicolae_temple_bog_church

Skill      XL: |  1  2  3  4  5  6  7  8  9 10 11 |
---------------+----------------------------------+-----
Stealth        | 6 7 8 9 10 12 14 16 | 16.6
Short Blades   | 4 5 7 9 11 | 11.6
Dodging        | 3 4 6 8 9 |  9.9
Spellcasting   | 3 4 |  4.5
Throwing       | 3 4 |  4.1
Poison Magic   | 4 6 |  6.3
Fighting       | |  1.5

Action                   |  1- 3 |  4- 6 |  7- 9 | 10-12 || total
-------------------------+-------+-------+-------+-------++-------
Melee: Dagger            |    75 |    95 |    22 |    95 ||   287
       Rapier            |    27 |    61 |       |       ||    88
       Punch             |     1 |     3 |     9 |     4 ||    17
       Short sword       |       |       |   442 |   300 ||   742
 Fire: Sling             |       |       |    11 |       ||    11
Throw: Dart              |       |     8 |    47 |    40 ||    95
       Stone             |       |       |     1 |       ||     1
       Boomerang         |       |       |    50 |    92 ||   142
       Throwing net      |       |       |     1 |       ||     1
 Cast: Poisonous Vapours |       |       |    64 |   145 ||   209
       Cigotuvi's Dreadf |       |       |     2 |     1 ||     3
Evoke: Wand              |       |       |       |     1 ||     1
  Use: Scroll            |       |       |       |    14 ||    14
       Potion            |       |       |       |     3 ||     3
 Stab: Sleeping          |    12 |     9 |    23 |     3 ||    47
       Distracted        |       |     1 |     2 |       ||     3
Armor: Robe              |    10 |    17 |    43 |    18 ||    88
       Acid dragon scale |       |       |       |    13 ||    13
Dodge: Dodged            |    62 |    96 |   283 |   271 ||   712

Table legend: (Time is in decaauts)
 A = Elapsed time spent in this place.
 B = Non-inter-level travel time spent in this place.
 C = Inter-level travel time spent in this place.
 D = Time resting spent in this place.
 E = Time spent auto-exploring this place.
 F = Levels seen in this place.
 G = Mean time per level.
                   A        B        C        D        E       F      G
               +--------+--------+--------+--------+--------+-----+--------+
         Total |  10089 |   9696 |    393 |   2435 |   3833 |  13 |  776.1 |
       Dungeon |   8950 |   8562 |    388 |   1999 |   3637 |  11 |  813.6 |
        Temple |    153 |    149 |      4 |      0 |    113 |   1 |  153.0 |
        Bailey |    984 |    984 |      0 |    436 |     82 |   1 |  984.0 |
               +--------+--------+--------+--------+--------+-----+--------+

Top non-repeatable levels by time:
    D:10: 1735 daAuts
     D:7: 1028 daAuts
  Bailey: 984 daAuts
    D:11: 967 daAuts
     D:5: 872 daAuts
     D:8: 858 daAuts
     D:6: 823 daAuts
     D:4: 714 daAuts
     D:9: 613 daAuts
     D:3: 539 daAuts
     D:2: 437 daAuts
     D:1: 360 daAuts
  Temple: 153 daAuts
